 Dungeon Crawl Stone Soup version 0.29-a0-369-gd956c00756 (webtiles) character file.

Game seed: 4192712641183828759

4092 enile the Thrower (level 10, -5/114 HPs)
             Began as a Gnoll Wanderer on May 2, 2022.
             Was an Initiate of Gozag.
             Engulfed by a cloud of flame (9 damage)
             ... on level 8 of the Dungeon.
             The game lasted 00:16:26 (9884 turns).

enile the Thrower (Gnoll Wanderer)                  Turns: 9884, Time: 00:16:27

Health: -5/114     AC: 29    Str:  9 (10) XL:     10   Next: 26%
Magic:  27/27      EV:  2    Int: 12 (14) God:    Gozag
Gold:   487        SH:  0    Dex: 14 (15) Spells: 13/20 levels left

rFire   . . .      SeeInvis .   k - +2 quarterstaff (vorpal)
rCold   . . .      Faith    .   (shield currently unavailable)
rNeg    . . .      Spirit   .   (body armour currently unavailable)
rPois   +          Reflect  .   (helmet currently unavailable)
rElec   .          Harm     .   (cloak currently unavailable)
rCorr   .          Rampage  .   (gloves currently unavailable)
Will    .....      NoTele   +   (boots currently unavailable)
Stlth   +++.......              v - amulet of magic regeneration
HPRegen 0.29/turn               j - +4 ring of protection
MPRegen 0.60/turn               s - ring of magical power

@: mighty, tree-form, gold aura
A: stationary, stasis, torment immunity, boosted hp, (fangs 1), strong nose,
distributed training
a: Renounce Religion, Potion Petition, Call Merchant, Bribe Branch


You were on level 8 of the Dungeon.
You worshipped Gozag.
Gozag was aware of your devotion.
You were a tree.
You visited 1 branch of the dungeon, and saw 8 of its levels.

You collected 601 gold pieces.
You paid 114 gold pieces to Gozag.

Inventory:

Hand Weapons
 a - a +2 dagger of venom
 k - a +2 vorpal quarterstaff (weapon)
 J - a +3 quarterstaff of chaos
 K - the +5 mace of Vivuc {vorpal, rC+}
   (You found it on level 6 of the Dungeon)

   It inflicts extra damage upon your enemies.
   rC:        It protects you from cold.
Missiles
 b - 11 poisoned darts
 r - 2 curare-tipped darts
 u - 2 atropa-tipped darts (quivered)
Armour
 d - a +0 robe
 A - the +1 robe "Zeih Xuunu" (melded) {rN++}
   (You found it on level 5 of the Dungeon)

   rN:        It greatly protects you from negative energy.
Magical Staves
 m - a staff of conjuration
Jewellery
 h - a ring of flight
 j - a +4 ring of protection (left branch)
 s - a ring of magical power (right branch)
 v - an amulet of magic regeneration (around neck)
 w - an amulet of faith
Wands
 f - a wand of iceblast (15)
 I - a wand of digging (5)
Scrolls
 n - a scroll of teleportation
 q - 3 scrolls of fog
 x - a scroll of noise
 y - a scroll of enchant armour {unknown}
 z - a scroll of vulnerability {unknown}
 E - 2 scrolls of immolation {unknown}
 F - a scroll of enchant weapon
 H - a scroll of magic mapping {unknown}
Potions
 c - a potion of attraction
 e - a potion of degeneration
 g - a potion of lignification
 i - a potion of heal wounds
 o - a potion of mutation {unknown}
 B - a potion of flight
 C - a potion of invisibility {unknown}
 D - a potion of haste {unknown}
 G - a potion of brilliance {unknown}
 L - a potion of berserk rage {unknown}


   Skills:
 + Level 5.8 Fighting
 + Level 5.1 Short Blades
 + Level 5.1 Long Blades
 + Level 5.1 Axes
 + Level 5.1 Maces & Flails
 + Level 5.1 Polearms
 + Level 5.1 Staves
 + Level 5.1 Slings
 + Level 5.1 Bows
 + Level 5.1 Crossbows
 + Level 10.0 Throwing
 + Level 5.8 Armour
 + Level 5.1 Dodging
 + Level 5.1 Stealth
 + Level 5.1 Shields
 + Level 5.1 Unarmed Combat
 + Level 5.9 Spellcasting
 + Level 4.2 Conjurations
 + Level 4.2 Hexes
 + Level 4.2 Summonings
 + Level 4.2 Necromancy
 + Level 4.2 Translocations
 + Level 5.7 Transmutations
 + Level 4.2 Fire Magic
 + Level 4.2 Ice Magic
 + Level 4.8 Air Magic
 + Level 4.2 Earth Magic
 + Level 4.2 Poison Magic
 + Level 5.6 Invocations
 + Level 5.1 Evocations


You had 13 spell levels left.
You knew the following spells:

 Your Spells              Type           Power      Damage    Failure   Level
a - Sting                 Tmut/Pois      60%        1d6       2%          1
b - Mephitic Cloud        Conj/Pois/Air  14%        N/A       9%          3
c - Inner Flame           Hex/Fire       13%        N/A       10%         3

Your spell library contained the following spells:

 Spells                   Type           Power      Damage    Failure   Level
 Shock                    Conj/Air       56%        1d6       2%          1
 Apportation              Tloc           26%        N/A       3%          1
 Static Discharge         Conj/Air       14%        N/A       4%          2
 Ice Form                 Ice/Tmut       15%        N/A       24%         4
 Petrify                  Tmut/Erth      15%        N/A       24%         4
 Cause Fear               Hex            6%         N/A       32%         4
 Alistair's Intoxication  Tmut/Pois      10%        N/A       54%         5
 Lightning Bolt           Conj/Air       7%         1d19      61%         5
 Discord                  Hex            6%         N/A       100%        8
 Maxwell's Capacitive Co  Air            7%         ∞         100%        8


Dungeon Overview and Level Annotations

Branches:
Dungeon (8/15)             Temple (0/1) D:7
   Lair: D:8-11

Altars:
Ashenzari
Cheibriados
Fedhas
Gozag
Hepliaklqana
Okawaru
Qazlal
Sif Muna
Wu Jian
Xom
Yredelemnul
Zin


Innate Abilities, Weirdness & Mutations

You are a tree.
Your roots penetrate the ground, keeping you stationary.
You cannot be teleported.
You are immune to unholy pain and torment.
Your maximum health is greatly increased.
Your equipment is partially melded.
((You have very sharp teeth.))
Your uncanny sense of smell can sniff out nearby items.
Your experience applies equally to all skills.


Message History

You sock the cyclops!
The cyclops is moderately wounded.
You hear a shout!
Something hits you but does no damage.
You sock the cyclops!
The cyclops is heavily wounded.
Something hits you but does no damage.
The orc wizard is distracted by your dazzling golden aura.
The cyclops hits you!
You sock the cyclops!
The cyclops is almost dead.
Something hits you but does no damage.
The cyclops hits you but does no damage.
You hit the cyclops.
You kill the cyclops!
The orc priest is no longer distracted by gold.
Something hits you but does no damage.
The orc priest closely misses something.
You hear some strange, mumbled words.
Something tries to affect you, but you resist.
The orc priest hits you but does no damage.
The orc hits you but does no damage.
You feel your strength returning.
Your Throwing skill increases to level 10!
You sock the orc!
The orc explodes!
The fiery explosion engulfs the orc wizard!!!
You kill the orc wizard!
The fiery explosion engulfs you!!!
* * * LOW HITPOINT WARNING * * *
The fiery explosion engulfs something!!
Reactivating autopickup.
You feel a bit more experienced.
The fiery explosion engulfs the orc priest!!
The orc priest explodes!
The fiery explosion engulfs you!
* * * LOW HITPOINT WARNING * * *
You are engulfed in blazing flames.
You die...
Your body crumbles into a pile of gold.

######.#
#...p..###
#.####....#
#..........# ..
#..#######.# ...
##.#.$_§§#.###.#
#.#$$§§♣#.....#
#)#.#$#§#...≈####
#.#8#.#8#..≈.....
#.###z###...≈.≈.≈∆
#.).ooo...#≈....
#...{nh...#.≈#
#....o......#
#..........##
#.....[...)##


There were no monsters in sight!

Vanquished Creatures
  A two-headed ogre (D:8)
  A cyclops (D:8)
  A hornet (D:7)
  A wyvern (D:8)
  2 humans (D:8)
  A sky beast (D:7)
  An ice beast (D:7)
  3 black bears
  3 ogres
  A phantom (D:5)
  Blork the orc (D:6)
  A kobold brigand (D:8)
  A bullfrog (D:7)
  6 scorpions
  3 wights
  2 howler monkeys (D:8)
  3 hounds
  8 orc priests
  Crazy Yiuf (D:6)
  2 jellies
  3 iguanas
  8 orc wizards
  A mummy (D:8)
  3 gnolls (D:6)
  4 adders
  A shadow imp (D:5)
  A white imp (D:7)
  2 ufetubi (D:4)
  A worm (D:5)
  2 dart slugs (D:4)
  26 orcs
  3 bats
  8 endoplasms
  5 giant cockroaches
  2 goblins
  7 hobgoblins
  5 jackals
  A quokka (D:5)
  3 ball pythons
  A frilled lizard (D:3)
  11 kobolds
  5 rats
146 creatures vanquished.

Vanquished Creatures (collateral kills)
  A kobold brigand (D:7)
  A white imp (D:7)
  A kobold (D:7)
3 creatures vanquished.

Vanquished Creatures (others)
  An orc wizard (D:8)
  7 plants (D:7)
  2 withered plants (D:8)
10 creatures vanquished.

Grand Total: 159 creatures vanquished

Notes
Turn   | Place    | Note
-------+----------+-------------------------------------------
     0 | D:1      | enile the Gnoll Wanderer began the quest for the Orb.
     0 | D:1      | enile set off with the following items: a +0 dagger, 14
                  | poisoned darts, a potion of attraction, a +0 robe; and the
                  | following spells available to memorise: Sting, Shock,
                  | Mephitic Cloud, Ice Form, Petrify
     0 | D:1      | Reached XP level 1. HP: 17/17 MP: 4/4
    94 | D:1      | Learned a level 1 spell: Sting
   313 | D:1      | Reached XP level 2. HP: 15/23 MP: 0/5
  1096 | D:1      | Found a faded altar of an unknown god.
  1108 | D:1      | Prayed at the altar of an unknown god.
  1108 | D:1      | Became a worshipper of Sif Muna the Loreminder
  1108 | D:1      | Reached * piety under Sif Muna
  1375 | D:1      | Found a shimmering blue altar of Sif Muna.
  1647 | D:2      | Reached XP level 3. HP: 20/28 MP: 7/7
  1886 | D:2      | Found an ornate altar of the Wu Jian Council.
  2062 | D:2      | Reached skill level 1 in Short Blades
  2062 | D:2      | Reached skill level 1 in Long Blades
  2062 | D:2      | Reached skill level 1 in Axes
  2062 | D:2      | Reached skill level 1 in Maces & Flails
  2062 | D:2      | Reached skill level 1 in Polearms
  2062 | D:2      | Reached skill level 1 in Staves
  2062 | D:2      | Reached skill level 1 in Slings
  2062 | D:2      | Reached skill level 1 in Bows
  2062 | D:2      | Reached skill level 1 in Crossbows
  2062 | D:2      | Reached skill level 1 in Dodging
  2062 | D:2      | Reached skill level 1 in Stealth
  2062 | D:2      | Reached skill level 1 in Shields
  2062 | D:2      | Reached skill level 1 in Unarmed Combat
  2062 | D:2      | Reached skill level 1 in Invocations
  2062 | D:2      | Reached skill level 1 in Evocations
  2062 | D:2      | Reached XP level 4. HP: 9/34 MP: 6/8
  2376 | D:3      | Found a large runed translucent door.
  2377 | D:3      | Found a large runed translucent door.
  2421 | D:3      | Found a shimmering altar of Xom.
  2447 | D:3      | Found a shimmering altar of Xom.
  2454 | D:3      | Reached skill level 1 in Conjurations
  2454 | D:3      | Reached skill level 1 in Hexes
  2454 | D:3      | Reached skill level 1 in Summonings
  2454 | D:3      | Reached skill level 1 in Necromancy
  2454 | D:3      | Reached skill level 1 in Translocations
  2454 | D:3      | Reached skill level 1 in Fire Magic
  2454 | D:3      | Reached skill level 1 in Ice Magic
  2454 | D:3      | Reached skill level 1 in Earth Magic
  2454 | D:3      | Reached skill level 1 in Poison Magic
  2627 | D:3      | Reached XP level 5. HP: 27/40 MP: 4/9
  3034 | D:3      | Reached ** piety under Sif Muna
  3810 | D:4      | Reached XP level 6. HP: 38/47 MP: 10/10
  3935 | D:4      | Identified a scroll of acquirement
  3936 | D:4      | Acquired a ring of magical power
  4828 | D:5      | Entered Level 5 of the Dungeon
  4839 | D:5      | You fall into a shaft and drop 2 floors!
  4847 | D:7      | Noticed a hornet
  4853 | D:7      | Killed a hornet
  4854 | D:7      | Reached XP level 7. HP: 39/52 MP: 12/12
  4995 | D:7      | Found a staircase to the Ecumenical Temple.
  5341 | D:6      | Found a stormy altar of Qazlal.
  5448 | D:6      | Noticed Blork the orc
  5453 | D:6      | Reached skill level 9 in Throwing
  5831 | D:5      | Reached XP level 8. HP: 41/60 MP: 14/14
  6276 | D:5      | Reached *** piety under Sif Muna
  6496 | D:5      | Identified the +1 robe "Zeih Xuunu" {rN++}
  6805 | D:5      | Found a hazy altar of Hepliaklqana.
  7337 | D:6      | Found a broken altar of Ashenzari.
  7337 | D:6      | Found a basalt altar of Yredelemnul.
  7346 | D:6      | Found an opulent altar of Gozag.
  7357 | D:6      | Learned a level 3 spell: Mephitic Cloud
  7358 | D:6      | Fell from the grace of Sif Muna
  7358 | D:6      | Became a worshipper of Gozag Ym Sagoz the Greedy
  7399 | D:6      | Found a runed translucent door.
  7400 | D:6      | Noticed Crazy Yiuf
  7441 | D:6      | Reached skill level 5 in Transmutations
  7441 | D:6      | Reached XP level 9. HP: 61/66 MP: 16/16
  7485 | D:6      | Killed Blork the orc
  7808 | D:6      | Killed Crazy Yiuf
  7948 | D:6      | Identified the +5 mace of Vivuc {vorpal, rC+}
  8026 | D:7      | Found a blossoming altar of Fedhas.
  8026 | D:7      | Found a snail-covered altar of Cheibriados.
  8122 | D:7      | Learned a level 3 spell: Inner Flame
  8195 | D:7      | Reached skill level 5 in Spellcasting
  8340 | D:7      | Reached skill level 5 in Fighting
  8340 | D:7      | Reached skill level 5 in Armour
  8500 | D:7      | Found a glowing silver altar of Zin.
  9227 | D:8      | Noticed a two-headed ogre
  9227 | D:8      | Noticed a cyclops
  9269 | D:8      | Found an iron altar of Okawaru.
  9343 | D:8      | Reached skill level 5 in Invocations
  9867 | D:8      | Killed a two-headed ogre
  9868 | D:8      | Reached skill level 5 in Short Blades
  9868 | D:8      | Reached skill level 5 in Long Blades
  9868 | D:8      | Reached skill level 5 in Axes
  9868 | D:8      | Reached skill level 5 in Maces & Flails
  9868 | D:8      | Reached skill level 5 in Polearms
  9868 | D:8      | Reached skill level 5 in Staves
  9868 | D:8      | Reached skill level 5 in Slings
  9868 | D:8      | Reached skill level 5 in Bows
  9868 | D:8      | Reached skill level 5 in Crossbows
  9868 | D:8      | Reached skill level 5 in Dodging
  9868 | D:8      | Reached skill level 5 in Stealth
  9868 | D:8      | Reached skill level 5 in Shields
  9868 | D:8      | Reached skill level 5 in Unarmed Combat
  9868 | D:8      | Reached skill level 5 in Evocations
  9868 | D:8      | Reached XP level 10. HP: 66/76 MP: 18/18
  9883 | D:8      | Killed a cyclops
  9884 | D:8      | Reached skill level 10 in Throwing
  9884 | D:8      | HP: 4/114 [spore (15)]
  9884 | D:8      | Engulfed by a cloud of flame

Illustrated notes

Levels and vault maps discovered:
D:1:      sevenhm_arrival_forest_fort_small_6, layout_basic,
          chequers_ecumenical_altar_simple_redux, grunt_decor_resistance,
          corner_web_ring, minmay_tromino_v4_a
D:2:      layout_rooms, basic_altar, serial_glass, glass_columns_a,
          glass_columns_c, glass_columns_a, glass_columns_a, glass_columns_b,
          glass_columns_b, chequers_mini_garden
D:3:      due_chaos_kobolds, layout_loops_cross, nicolae_overflow_crystal_walls
D:4:      layout_cave_pods
D:5:      layout_loops_ring, mainiacjoe_overflow_boulevard
D:6:      layout_rooms, nicolae_qazlal_eye_of_the_storm,
          chequers_temple_overflow_statue_of_worship, uniq_crazy_yiuf_cottage,
          uniq_blork_the_orc
D:7:      layout_loops_corners, zin_statuary,
          gammafunk_temple_overflow_elements,
          minmay_temple_entry_enclosed_plants, st_stairs_5,
          minmay_large_rounded_square
D:8:      layout_rooms, okawaru_humans, nicolae_ru_path_of_blood,
          erik_lair_orcish_takeover, serial_undead, serial_undead_e,
          serial_undead_c, serial_undead_c, serial_undead_c,
          minmay_manual_monstrance

Skill      XL: |  1  2  3  4  5  6  7  8  9 10 |
---------------+-------------------------------+-----
Air Magic      | 2 3 4 |  4.8
Short Blades   | 1 2 3 5 |  5.1
Long Blades    | 1 2 3 5 |  5.1
Axes           | 1 2 3 5 |  5.1
Maces & Flails | 1 2 3 5 |  5.1
Polearms       | 1 2 3 5 |  5.1
Staves         | 1 2 3 5 |  5.1
Slings         | 1 2 3 5 |  5.1
Bows           | 1 2 3 5 |  5.1
Crossbows      | 1 2 3 5 |  5.1
Dodging        | 1 2 3 5 |  5.1
Stealth        | 1 2 3 5 |  5.1
Shields        | 1 2 3 5 |  5.1
Unarmed Combat | 1 2 3 5 |  5.1
Invocations    | 1 2 3 4 5 |  5.6
Evocations     | 1 2 3 5 |  5.1
Spellcasting   | 3 4 5 |  5.9
Conjurations   | 1 2 3 4 |  4.2
Hexes          | 1 2 3 4 |  4.2
Summonings     | 1 2 3 4 |  4.2
Necromancy     | 1 2 3 4 |  4.2
Translocations | 1 2 3 4 |  4.2
Fire Magic     | 1 2 3 4 |  4.2
Ice Magic      | 1 2 3 4 |  4.2
Earth Magic    | 1 2 3 4 |  4.2
Poison Magic   | 1 2 3 4 |  4.2
Fighting       | 3 4 5 |  5.8
Armour         | 3 4 5 |  5.8
Transmutations | 4 5 |  5.7
Throwing       | 9 10 | 10.0

Action                   |  1- 3 |  4- 6 |  7- 9 | 10-12 || total
-------------------------+-------+-------+-------+-------++-------
Melee: Dagger            |    76 |   137 |   163 |       ||   376
       Bite              |     8 |    19 |    36 |       ||    63
       Punch             |       |     3 |     6 |       ||     9
       Mace              |       |       |    59 |       ||    59
       Quarterstaff      |       |       |    13 |     9 ||    22
Throw: Dart              |     1 |     2 |    20 |       ||    23
 Cast: Sting             |    22 |    31 |    68 |       ||   121
       Mephitic Cloud    |       |       |     6 |       ||     6
       Inner Flame       |       |       |     5 |       ||     5
Evoke: Wand              |       |       |     2 |       ||     2
  Use: Scroll            |     1 |     6 |     9 |       ||    16
       Potion            |       |     1 |    10 |       ||    11
 Stab: Sleeping          |     1 |     4 |     3 |       ||     8
       Distracted        |       |       |     1 |       ||     1
Armor: Robe              |    17 |    32 |    90 |       ||   139
       Skin              |       |       |     3 |    14 ||    17
Dodge: Dodged            |    39 |    97 |   160 |     1 ||   297

Table legend: (Time is in decaauts)
 A = Elapsed time spent in this place.
 B = Non-inter-level travel time spent in this place.
 C = Inter-level travel time spent in this place.
 D = Time resting spent in this place.
 E = Time spent auto-exploring this place.
 F = Levels seen in this place.
 G = Mean time per level.
                   A        B        C        D        E       F      G
               +--------+--------+--------+--------+--------+-----+--------+
         Total |   9866 |   9662 |    204 |    362 |   7891 |   8 | 1233.2 |
       Dungeon |   9866 |   9662 |    204 |    362 |   7891 |   8 | 1233.2 |
               +--------+--------+--------+--------+--------+-----+--------+

Top non-repeatable levels by time:
     D:5: 1842 daAuts
     D:1: 1556 daAuts
     D:7: 1372 daAuts
     D:4: 1233 daAuts
     D:3: 1217 daAuts
     D:6: 1066 daAuts
     D:2: 807 daAuts
     D:8: 770 daAuts
